Map: [ESL] Crimson Court

Players

Strange

  • Race: Protoss Protoss
  • Spawn Location: 1:00

Spirit - Winner!

  • Race: Terran Terran
  • Spawn Location: 7:00

Event: ESL SC2 Masters 2024 Spring (Regional)

VOD

Have the link to the VOD?

Description

Time

  • Played on: April 10, 2024, 11:07 a.m.
  • Length: 14:36

All games in this series

Show
View Real Time Build Order
Export as new Build Order

Strange Protoss 

Build Orders: 1 Gate Expand, Phoenix Opening, Zealot Archon, Colossus Rush 

Get SALT Encoding   

  12  0:00  Probe  
  13  0:12  Probe  
  14  0:17  Pylon  
  14  0:24  Probe (Chrono Boost)  
  16  0:36  Probe (Chrono Boost), Gateway  
  16  0:42  Probe (Chrono Boost)  
  16  0:45  Assimilator  
  17  0:51  Probe  
  18  1:03  Probe  
  19  1:15  Probe  
  20  1:21  Nexus  
  20  1:30  Cybernetics Core  
  20  1:34  Probe  
  21  1:40  Assimilator  
  21  1:46  Pylon  
  21  1:49  Probe  
  22  2:01  Probe  
  23  2:04  Stalker (Chrono Boost)  
  23  2:07  Warp Gate  
  25  2:13  Probe  
  25  2:14  Shield Battery  
  26  2:26  Sentry (Chrono Boost)  
  26  2:27  Probe (Chrono Boost)  
  29  2:33  Probe (Chrono Boost)  
  30  2:42  Probe x2 (Chrono Boost)  
  32  2:47  Robotics Facility, Probe (Chrono Boost)  
  32  2:49  Phoenix, Probe  
  34  3:00  Stalker  
  34  3:02  Probe (Chrono Boost)  
  34  3:05  Gateway  
  37  3:06  Probe (Chrono Boost)  
  38  3:18  Probe (Chrono Boost)  
  38  3:19  Pylon, Probe (Chrono Boost)  
  40  3:24  Shield Battery, Probe (Chrono Boost)  
  40  3:26  Probe (Chrono Boost)  
  42  3:33  Probe  
  43  3:38  Probe  
  43  3:44  Observer (Chrono Boost)  
  43  3:45  Probe  
  44  3:50  Probe  
  45  3:56  Assimilator x2  
  45  3:57  Pylon, Probe  
  45  3:58  Stalker  
  45  4:00  Observer (Chrono Boost)  
  45  4:02  Probe  
  49  4:05  Stalker  
  49  4:06  Pylon  
  49  4:09  Probe  
  53  4:14  Probe  
  54  4:21  Probe  
  54  4:23  Stalker  
  57  4:26  Probe  
  57  4:31  Stalker  
  60  4:33  Probe  
  59  4:45  Probe  
  59  4:46  Nexus  
  59  4:50  Probe  
  61  4:54  Robotics Bay  
  61  4:58  Probe  
  61  4:59  Observer (Chrono Boost)  
  62  5:03  Forge  
  62  5:04  Probe  
  64  5:10  Probe  
  65  5:16  Immortal (Chrono Boost), Probe  
  65  5:19  Pylon  
  70  5:32  Protoss Ground Weapons Level 1 (Chrono Boost)  
  70  5:35  Pylon  
  70  5:37  Probe x2  
  70  5:40  Shield Battery  
  72  5:43  Colossus (Chrono Boost)  
  72  5:49  Observer  
  78  5:52  Extended Thermal Lance  
  78  5:53  Probe x2  
  80  6:00  Probe  
  80  6:02  Pylon  
  81  6:05  Probe x2  
  81  6:09  Twilight Council  
  83  6:12  Probe  
  83  6:13  Stalker x2  
  83  6:17  Probe x2  
  89  6:21  Colossus (Chrono Boost)  
  89  6:24  Probe  
  96  6:29  Probe  
  96  6:32  Pylon  
  97  6:42  Charge (Chrono Boost), Gateway x2  
  97  6:50  Sentry, Gateway  
  97  6:51  Zealot, Gateway  
  101  6:55  Templar Archives  
  101  6:59  Shield Battery  
  101  7:00  Observer  
  101  7:03  Colossus (Chrono Boost)  
  101  7:06  Probe  
  108  7:12  Gateway  
  108  7:15  Gateway  
  108  7:17  Pylon  
  108  7:19  Pylon  
  108  7:24  Zealot x2  
  108  7:25  Pylon  
  108  7:26  Protoss Ground Weapons Level 2 (Chrono Boost)  
  112  7:35  Pylon x2  
  112  7:37  Photon Cannon  
  112  7:39  Photon Cannon  
  112  7:41  Zealot x2  
  116  7:52  Warp Prism (Chrono Boost)  
  116  7:53  High Templar x2  
  122  7:58  Archon  
  122  8:06  Zealot x4  
  124  8:19  Stalker  
  120  8:20  Stalker  
  118  8:35  Zealot x6  
  94  9:32  Zealot  
  94  9:34  Pylon  
  94  9:35  Pylon  
  94  9:37  Stalker  
  94  9:50  Nexus  
  86  9:55  Zealot  
  86  9:56  Zealot x6  
  72  10:01  Stalker  
  60  10:20  High Templar x3  
  64  10:21  High Templar  
  64  10:24  Archon  
  64  10:25  Archon  
  64  10:26  Observer, Immortal (Chrono Boost)  
  70  10:30  Pylon  
  70  10:35  High Templar x2  
  74  10:45  Archon  
  74  11:02  Immortal (Chrono Boost)  
  78  11:22  Zealot x4, Observer  
  85  11:36  Blink  
  85  11:37  Nexus  
  83  11:40  Protoss Ground Armor Level 1 (Chrono Boost), Colossus  
  83  11:43  Pylon  
  89  11:56  Observer  
  89  12:03  Sentry  
  89  12:06  Shield Battery  
  89  12:08  Probe  
  92  12:11  Probe  
  93  12:20  Probe  
  94  12:24  Probe  
  94  12:31  Immortal  
  94  12:32  Probe  
  94  12:36  Probe  
  100  12:40  Stalker x3  
  106  12:44  Probe  
  106  12:48  Probe  
  106  12:50  Stalker  
  110  12:53  Zealot, High Templar x2  
  110  12:55  Probe  
  110  12:56  Probe  
  118  12:59  Observer  
  118  13:00  Archon, Probe  
  118  13:04  Zealot x2  
  123  13:07  Pylon  
  123  13:08  Probe  
  123  13:12  Probe  
  124  13:24  Colossus (Chrono Boost)  
  124  13:32  Zealot x4  
  124  13:33  Zealot, Pylon  
  140  13:50  Nexus  
  140  13:51  Pylon  
  140  13:59  Stalker x2  
  140  14:00  Stalker x2  
  147  14:05  Zealot x2  
  151  14:11  High Templar x2  
  151  14:15  Archon  
  155  14:20  Pylon  
  147  14:28  Zealot x5  
  147  14:29  Zealot  
Show
View Real Time Build Order
Export as new Build Order

Spirit Terran - Winner!

Build Orders: Gas First Reaper Expand 

Get SALT Encoding   

  12  0:00  SCV  
  13  0:13  SCV  
  14  0:17  Supply Depot  
  14  0:25  SCV  
  14  0:27  Refinery  
  15  0:38  SCV  
  16  0:44  Barracks  
  16  0:51  SCV  
  17  1:03  SCV  
  18  1:15  SCV  
  19  1:31  Orbital Command, Reaper  
  20  1:43  Command Center  
  20  1:53  Factory  
  20  1:56  SCV  
  21  2:03  Supply Depot  
  21  2:05  Barracks Reactor  
  21  2:09  SCV  
  21  2:14  Refinery  
  22  2:21  SCV  
  23  2:33  SCV  
  24  2:40  Starport  
  24  2:46  SCV  
  24  2:47  Hellion x2  
  29  2:58  SCV  
  30  3:08  Widow Mine  
  30  3:09  Widow Mine, Orbital Command  
  30  3:10  SCV  
  35  3:18  Medivac  
  37  3:22  SCV  
  38  3:30  Widow Mine x2  
  38  3:31  Supply Depot  
  40  3:34  SCV  
  40  3:38  SCV  
  41  3:46  SCV, Barracks Tech Lab  
  40  3:50  SCV, Bunker  
  40  3:54  Starport Tech Lab  
  41  3:58  SCV  
  41  3:59  Barracks  
  41  4:02  SCV  
  43  4:05  Supply Depot  
  46  4:10  SCV, Siege Tank  
  46  4:14  SCV  
  46  4:15  Marine x2  
  50  4:17  Raven  
  50  4:22  SCV  
  53  4:26  SCV  
  52  4:32  Marine x2  
  52  4:34  SCV  
  53  4:38  SCV  
  53  4:43  Engineering Bay  
  53  4:44  Barracks  
  53  4:45  Refinery  
  52  4:46  Refinery  
  52  4:47  SCV, Supply Depot  
  52  4:51  SCV, Siege Tank  
  57  4:59  SCV, Marine x2  
  59  5:00  Engineering Bay  
  59  5:03  Stimpack  
  59  5:05  SCV  
  61  5:11  SCV  
  62  5:17  SCV, Marine x2  
  62  5:19  Supply Depot  
  62  5:20  Starport Reactor  
  65  5:23  SCV, Marauder  
  65  5:28  Terran Infantry Weapons Level 1  
  68  5:29  SCV  
  69  5:35  SCV  
  69  5:37  Factory Reactor  
  69  5:39  Combat Shield  
  69  5:41  Marauder  
  73  5:42  Supply Depot  
  73  5:45  Marauder, Marine  
  77  5:52  Supply Depot  
  77  5:53  Marine  
  76  5:59  Medivac  
  77  6:04  Marauder  
  77  6:06  Marauder  
  77  6:08  Medivac  
  83  6:15  Marine  
  83  6:16  Command Center  
  84  6:19  SCV x2  
  84  6:23  Supply Depot  
  84  6:24  Supply Depot  
  86  6:26  Marauder  
  86  6:28  Marine, Marauder  
  86  6:31  SCV  
  92  6:34  Medivac  
  94  6:42  Concussive Shells  
  94  6:45  SCV, Medivac, Marine, Widow Mine x2  
  94  6:46  Marine  
  105  6:47  Marauder  
  105  6:49  Marauder  
  105  6:51  SCV  
  105  6:52  Supply Depot  
  108  6:55  Supply Depot  
  108  6:59  SCV  
  109  7:03  SCV  
  109  7:05  Barracks, Marine  
  109  7:06  Barracks, Ghost Academy  
  110  7:12  SCV, Terran Infantry Armor Level 1  
  110  7:14  Marauder  
  112  7:15  SCV  
  112  7:16  Widow Mine x2  
  112  7:20  Marine  
  112  7:21  Marauder  
  120  7:24  SCV  
  120  7:27  SCV  
  120  7:29  Medivac x2  
  126  7:33  Marine  
  126  7:35  Marauder  
  126  7:36  SCV  
  130  7:37  Widow Mine  
  130  7:40  SCV  
  130  7:44  Supply Depot  
  133  7:45  Armory  
  133  7:48  SCV, Orbital Command  
  134  7:51  Marine  
  134  7:52  SCV  
  134  7:54  Barracks Tech Lab  
  134  7:56  Barracks Tech Lab  
  136  8:00  SCV  
  136  8:04  SCV  
  138  8:07  Medivac  
  138  8:12  SCV  
  144  8:13  SCV  
  144  8:16  SCV  
  145  8:20  Widow Mine  
  145  8:22  Widow Mine  
  145  8:24  SCV  
  145  8:25  SCV, Ghost x3  
  145  8:26  Marine  
  147  8:29  SCV  
  147  8:32  Supply Depot, Marine  
  147  8:33  Supply Depot  
  146  8:35  Marauder  
  146  8:36  SCV  
  146  8:37  SCV  
  146  8:41  SCV  
  153  8:44  Marine  
  154  8:48  SCV  
  154  8:50  Marine  
  154  8:53  Ghost  
  154  8:54  Marauder x2  
  157  8:56  Widow Mine, Marine  
  157  8:59  Viking  
  157  9:02  Marine  
  144  9:08  Marine  
  144  9:14  Marauder  
  144  9:15  Marauder  
  144  9:16  Marauder  
  142  9:20  Marine  
  142  9:23  Marauder  
  131  9:26  Marine  
  102  9:35  Marine  
  102  9:36  Marine x2  
  100  9:38  Marine  
  101  9:45  Marauder  
  101  9:51  Marine  
  92  9:54  Marine  
  92  9:58  Marine  
  92  9:59  Orbital Command  
  80  10:02  Marine  
  80  10:05  Marine  
  73  10:09  Orbital Command, Marine  
  72  10:18  Marine  
  73  10:34  Ghost  
  75  10:39  Ghost  
  75  10:42  Marine  
  78  10:44  Marine  
  78  10:47  Marauder  
  81  10:53  Missile Turret  
  81  10:55  Ghost  
  83  11:01  Marine  
  83  11:03  Ghost  
  86  11:05  Widow Mine  
  86  11:07  Widow Mine, Marine  
  86  11:09  SCV  
  92  11:11  SCV  
  92  11:13  SCV  
  92  11:17  Marine  
  95  11:21  SCV  
  95  11:23  SCV, Viking  
  99  11:25  SCV  
  99  11:29  Viking  
  102  11:33  SCV  
  102  11:34  Marauder  
  102  11:35  SCV  
  102  11:37  Orbital Command  
  105  11:45  SCV  
  105  11:46  Refinery, Terran Infantry Weapons Level 2  
  105  11:47  SCV, Refinery, Marine  
  107  11:57  SCV  
  107  11:58  Marauder  
  107  11:59  SCV  
  111  12:01  Marauder  
  111  12:03  SCV  
  111  12:07  Marine  
  111  12:08  Marauder  
  117  12:09  SCV, Marine  
  117  12:12  SCV  
  117  12:13  Marauder  
  117  12:15  SCV  
  123  12:22  SCV, Marauder  
  126  12:24  SCV, Marauder  
  126  12:27  SCV  
  130  12:30  Viking  
  130  12:34  Viking  
  130  12:36  Marauder  
  136  12:37  Marine  
  136  12:42  Sensor Tower  
  136  12:43  Missile Turret  
  137  12:45  SCV, Refinery  
  137  12:46  SCV  
  137  12:48  SCV  
  137  12:50  Refinery  
  140  12:57  Marine  
  141  13:02  Supply Depot  
  141  13:03  Supply Depot  
  141  13:12  SCV  
  141  13:21  Supply Depot x2  
  141  13:22  SCV  
  141  13:24  SCV, Marauder, Viking x2  
  148  13:34  SCV  
  148  13:35  Refinery  
  148  13:36  SCV  
  148  13:38  Refinery  
  148  13:39  Marine  
  148  13:40  Marauder  
  153  13:46  SCV  
  154  13:48  SCV  
  154  13:50  Marine  
  154  13:54  Orbital Command, Viking x2  
  160  13:57  Missile Turret  
  160  13:58  SCV  
  160  14:01  SCV  
  160  14:02  Marauder  
  164  14:03  Marauder  
  165  14:17  Missile Turret  
  165  14:18  SCV  
Tags
 
Add a new tag
Caveats
  • Supply blocks, unpowered buildings, or Contaminate may cause inaccurate times.
  • Supply counts are checked every 10 seconds.